 Dungeon Crawl Stone Soup version 0.18-a0-1778-gadce9fa (webtiles) character file.

158 nono the Chopper (level 5, -7/46 HPs)
             Began as a Deep Dwarf Berserker on Apr 16, 2016.
             Was a Believer of Trog.
             Mangled by Grinder (8 damage)
             ... while paralysed by Grinder
             ... on level 3 of the Dungeon.
             The game lasted 00:02:54 (1455 turns).

nono the Chopper (Deep Dwarf Berserker)             Turns: 1455, Time: 00:02:55

Health: -7/46      AC:  2    Str: 20    XL:     5   Next: 16%
Magic:  5/5        EV:  2    Int:  8    God:    Trog [**....]
Gold:   121        SH:  0    Dex: 13    Spells: 0 memorised, 4 levels left

rFire  . . .     SeeInvis .     a - +0 hand axe
rCold  . . .     Gourm    .     b - +0 animal skin
rNeg   . . .     Faith    .     (no shield)
rPois  .         Spirit   .     (no helmet)
rElec  .         Dismiss  .     (no cloak)
rCorr  .         Reflect  .     (no gloves)
SustAt .         Harm     .     (no boots)
MR     .....                    (no amulet)
Stlth  +.........               (no ring)
                                (no ring)

@: paralysed, exhausted, non-regenerating, slowed, not resistant to hostile
enchantments, very unstealthy
A: damage resistance, recharge devices, sense surroundings 1, slow regeneration
3
a: Device Recharging, Berserk, Trog's Hand, Burn Spellbooks, Renounce Religion


You were on level 3 of the Dungeon.
You worshipped Trog.
Trog was pleased with you.
You were hungry.

You visited 1 branch of the dungeon, and saw 3 of its levels.

You collected 121 gold pieces.

Inventory:

Hand Weapons
 a - a +0 hand axe (weapon)
Armour
 b - a +0 animal skin (worn)
Wands
 c - a wand of heal wounds (3/9)
Scrolls
 f - 3 scrolls of remove curse {unknown}
 k - a scroll of immolation {unknown}
 o - a scroll of identify {unknown}
 p - a scroll of recharging {unknown}
 r - a scroll of enchant armour {unknown}
 t - a scroll of noise {unknown}
Potions
 e - a potion of beneficial mutation {unknown}
 h - a potion of resistance
 i - 2 potions of flight {unknown}
 j - 3 potions of curing {unknown}
 l - 2 potions of cancellation {unknown}
 m - a potion of lignification {unknown}
 s - a potion of ambrosia {unknown}
Comestibles
 d - 2 bread rations
 g - a royal jelly
 n - a beef jerky
 q - 3 chunks of flesh


   Skills:
 - Level 2.6 Fighting
 + Level 4.5 Axes
 + Level 4.0 Armour
 + Level 3.7 Dodging


You had 4 spell levels left.
You didn't know any spells.

Dungeon Overview and Level Annotations

Branches:
Dungeon (3/15)

Altars:
Ashenzari

Annotations:
D:3 Grinder


Innate Abilities, Weirdness & Mutations

You are resistant to damage.
You can recharge devices by infusing magical energy.
You passively map a small area around you.
You do not regenerate naturally.


Message History

You barely miss Grinder.
Grinder is lightly wounded.
Grinder hits you!
You writhe in agony. x2
You hit Grinder.
Grinder is moderately wounded.
Grinder barely misses you. Grinder hits you.
You writhe in agony.
You hit Grinder.
Grinder is moderately wounded.
Grinder hits you!
* * * LOW HITPOINT WARNING * * *
You writhe in agony.
* * * LOW HITPOINT WARNING * * *
Grinder gestures at you.
You suddenly lose the ability to move!
Grinder hits you.
* * * LOW HITPOINT WARNING * * *
You writhe in agony.
* * * LOW HITPOINT WARNING * * *
Grinder hits you!
You die...

.,# #.#* * *
#.#.#..,,,, #.#.#.#
, ###...#.# * ,
........# , . ,
*,#..†# * ,.. #
*#.#.# ...
#.####.#5###....,
.......@........
................
####...#.######.
#.#.. ##....#### *
...< , #.......# *
.##... ####....# .
,..... , ,, , #....#
.# ##... **
#*#....###.# #....
,+.#........##.#....


You could see Grinder.

Vanquished Creatures
  A black bear (D:3)
  A worker ant (D:3)
  An adder (D:3)
  An ooze (D:1)
  A worm (D:2)
  2 giant geckos
  An orc (D:3)
  2 ball pythons
  4 goblins
  3 hobgoblins
  3 kobolds
  A quokka (D:2)
  3 bats (D:1)
  2 giant newts
  2 rats
28 creatures vanquished.

Notes
Turn   | Place    | Note
--------------------------------------------------------------
     0 | D:1      | nono the Deep Dwarf Berserker began the quest for the Orb.
     0 | D:1      | Reached XP level 1. HP: 20/20 MP: 1/1
   117 | D:1      | Reached XP level 2. HP: 27/27 MP: 2/2
   927 | D:2      | Reached ** piety under Trog
  1027 | D:2      | Reached XP level 3. HP: 24/33 MP: 3/3
  1410 | D:3      | Found a shattered altar of Ashenzari.
  1426 | D:3      | Noticed a black bear
  1434 | D:3      | Noticed Grinder
  1434 | D:3      | Killed a black bear
  1434 | D:3      | Reached XP level 4. HP: 25/40 MP: 4/4
  1442 | D:3      | Reached XP level 5. HP: 27/46 MP: 5/5
  1453 | D:3      | Paralysed by Grinder for 5 turns
  1454 | D:3      | HP: 1/46 [Grinder (5)]
  1455 | D:3      | Mangled by Grinder

Vault maps used:
D:1:      evilmike_arrival_crescent
D:2:      minmay_door_path, first_bread
D:3:      nicolae_dithmenos_shadow_blocks, gammafunk_temple_overflow_pools,
          kennysheep_cross_room, hex_intersection, cheibrodos_ashenzari_chains,
          uniq_grinder, uniq_robin, uniq_terence, uniq_jessica

Skill      XL: |  1  2  3  4 |
---------------+-------------+-----
Armour         | 3 4 |  4.0
Axes           | 4 |  4.5
Dodging        | 3 |  3.7
Fighting       | |  2.6

Action                   |  1- 3 |  4- 6 || total
-------------------------+-------+-------++-------
Melee: Hand axe          |   109 |    12 ||   121
Invok: Trog's Hand       |     1 |       ||     1
       Berserk           |     1 |       ||     1
Evoke: Wand              |     1 |     1 ||     2
 Stab: Sleeping          |     1 |       ||     1
  Eat: Chunk             |     2 |       ||     2
Armor: Animal skin       |    20 |     2 ||    22
Dodge: Dodged            |    65 |     8 ||    73
